Map: Blueshift LE

Players

Sketchaphone

  • Race: Zerg Zerg
  • League: Platinum
  • Spawn Location: 1:00

Aummadour - Winner!

  • Race: Protoss Protoss
  • League: Platinum
  • Spawn Location: 7:00

VOD

Have the link to the VOD?

Description

Time

  • Played on: Nov. 11, 2018, 2:28 p.m.
  • Length: 8:16
Show
View Real Time Build Order
Export as new Build Order

Sketchaphone Zerg 

Build Orders: Hatch First 

Get SALT Encoding   

  12  0:01  Drone  
  13  0:14  Overlord  
  13  0:17  Drone  
  14  0:32  Drone x2  
  16  0:52  Hatchery  
  15  1:02  Extractor  
  14  1:08  Spawning Pool  
  14  1:09  Drone  
  14  1:14  Drone  
  15  1:28  Drone  
  16  1:40  Drone  
  16  1:41  Drone x2  
  19  1:52  Overlord  
  19  1:55  Queen  
  21  2:12  Drone x2  
  23  2:19  Queen  
  23  2:20  Drone x2  
  27  2:26  Drone x2  
  29  2:50  Drone  
  30  2:51  Drone x2  
  30  2:54  Drone  
  33  3:02  Hatchery  
  32  3:10  Queen  
  32  3:11  Overlord  
  32  3:12  Overlord  
  34  3:17  Drone  
  34  3:18  Drone  
  36  3:32  Drone  
  36  3:33  Drone  
  37  3:51  Queen  
  39  3:56  Drone x4  
  39  4:01  Drone, Extractor  
  39  4:02  Drone x4  
  47  4:07  Overlord  
  47  4:08  Overlord  
  48  4:10  Zergling x4  
  48  4:14  Evolution Chamber x2  
  47  4:19  Queen  
  47  4:20  Overlord  
  47  4:21  Overlord  
  47  4:22  Drone x2  
  51  4:33  Metabolic Boost  
  51  4:35  Pneumatized Carapace  
  51  4:40  Zerg Ground Armor Level 1  
  51  4:47  Drone x3  
  51  4:49  Extractor  
  51  4:50  Drone x3, Extractor  
  51  4:51  Drone x3  
  58  5:22  Drone  
  58  5:23  Drone x4  
  58  5:25  Overlord x2  
  58  5:27  Zergling x2  
  64  5:28  Zerg Missile Weapons Level 1  
  64  5:29  Lair  
  64  5:30  Burrow  
  64  5:40  Overlord  
  64  6:16  Drone  
  64  6:17  Overlord x2  
  64  6:21  Zergling x24  
  64  6:22  Zergling x4  
  77  6:32  Hatchery  
  76  6:35  Queen x2  
  80  6:43  Overlord, Drone x5  
  80  6:44  Overlord x2  
  80  6:45  Overlord  
  85  7:02  Zergling x14  
  85  7:03  Roach Warren  
  91  7:12  Zergling x10  
  96  7:21  Spine Crawler x2  
  86  7:22  Spine Crawler  
  86  7:28  Overseer  
  70  7:42  Roach x6  
  72  7:48  Roach  
  72  7:49  Roach x6  
  85  7:56  Roach  
  85  7:57  Roach x4  
Show
View Real Time Build Order
Export as new Build Order

Aummadour Protoss - Winner!

Build Orders: Blink Stalkers 

Get SALT Encoding   

  12  0:01  Probe  
  13  0:13  Probe  
  14  0:20  Pylon  
  14  0:25  Probe  
  15  0:35  Probe  
  16  0:43  Probe  
  17  0:53  Probe  
  18  1:06  Nexus, Probe  
  19  1:16  Gateway  
  19  1:26  Forge  
  19  1:33  Pylon  
  19  1:34  Probe  
  20  1:47  Probe  
  21  1:57  Gateway  
  21  2:00  Photon Cannon  
  21  2:05  Cybernetics Core  
  21  2:07  Probe  
  21  2:15  Probe x2  
  24  2:23  Probe  
  24  2:24  Probe  
  24  2:25  Assimilator  
  26  2:31  Assimilator  
  26  2:33  Probe  
  26  2:36  Probe  
  28  2:45  Probe  
  28  2:48  Probe  
  28  2:49  Pylon  
  30  2:59  Probe  
  30  3:00  Probe  
  32  3:09  Probe  
  32  3:10  Probe, Warp Gate  
  33  3:15  Assimilator  
  33  3:17  Probe  
  33  3:18  Probe  
  34  3:21  Assimilator  
  34  3:25  Probe  
  36  3:27  Probe  
  36  3:32  Twilight Council  
  38  3:37  Probe  
  38  3:39  Probe  
  40  3:45  Protoss Ground Weapons Level 1  
  40  3:49  Probe  
  40  3:50  Blink  
  40  3:51  Probe  
  42  3:56  Pylon x2  
  42  3:58  Pylon  
  42  4:00  Pylon  
  42  4:01  Pylon  
  42  4:02  Probe  
  43  4:03  Probe  
  44  4:14  Probe  
  44  4:15  Probe  
  46  4:26  Probe  
  46  4:27  Probe  
  48  4:34  Gateway x2  
  48  4:36  Gateway  
  48  4:42  Gateway  
  48  4:46  Gateway  
  48  4:53  Probe  
  48  4:54  Probe, Robotics Facility  
  50  5:40  Warp Prism  
  52  5:44  Stalker  
  52  5:45  Stalker x6  
  52  5:48  Protoss Ground Weapons Level 2  
  66  6:10  Stalker x2  
  66  6:11  Stalker x5  
  76  6:17  Immortal  
  84  6:26  Nexus  
  84  6:30  Pylon  
  84  6:35  Stalker x3  
  84  6:37  Stalker  
  92  6:41  Stalker  
  94  6:59  Pylon  
  94  7:00  Pylon  
  94  7:01  Pylon  
  94  7:05  Observer  
  95  7:14  Stalker  
  95  7:15  Stalker x2  
  99  7:28  Stalker  
  99  7:29  Stalker x3  
  97  7:48  Stalker  
  97  7:49  Stalker x2  
  97  7:51  Probe x2  
  106  8:03  Probe  
  107  8:12  Stalker x2  
  107  8:13  Stalker x5  
Tags
 
Composition
Blink Stalkers
Matchup
PvZ
Replay Pack
init
Spawn Locations
Cross Positions
Add a new tag
Caveats
  • Supply blocks, unpowered buildings, or Contaminate may cause inaccurate times.
  • Supply counts are checked every 10 seconds.